 Dungeon Crawl Stone Soup version 0.25-a0-62-g88673ef095 (webtiles) character file.

Game seed: 18268029244288152801, levelgen mode: deterministic

1365 D1HalberdGnoll the Covert (level 8, -3/60 HPs)
             Began as a Vampire Enchanter on Oct 31, 2019.
             Was an Initiate of Dithmenos.
             Slain by a manticore (7 damage)
             ... on level 6 of the Dungeon.
             The game lasted 00:17:15 (6856 turns).

D1HalberdGnoll the Covert (Vampire Enchanter)       Turns: 6856, Time: 00:17:15

Health: -3/60      AC:  5    Str:  6 (9)  XL:     8   Next: 38%
Magic:  7/11       EV: 13    Int: 15 (18) God:    Dithmenos [......]
Gold:   399        SH:  0    Dex: 14 (17) Spells: 5/11 levels left

rFire    . . .     SeeInvis +   a - +1 dagger
rCold    . . .     Gourm    .   (no shield)
rNeg     . . .     Faith    .   b - +0 robe
rPois    .         Spirit   .   (no helmet)
rElec    .         Reflect  .   (no cloak)
rCorr    .         Harm     .   d - +0 pair of gloves {Dex+3}
MR       .....     Rnd*Tele +   (no boots)
Stlth    ++++......             (no amulet)
HPRegen  0.40/turn              (no ring)
MPRegen  0.12/turn              (no ring)

@: regenerating quickly, heavily drained
A: no food, fangs 3, thin metallic scales 1, see invisible, sense surroundings
1, teleportitis 1, wild magic 1, unbreathing
a: Exsanguinate, Renounce Religion


You were on level 6 of the Dungeon.
You worshipped Dithmenos.
Dithmenos was noncommittal.
You were alive.

You visited 2 branches of the dungeon, and saw 7 of its levels.

You collected 399 gold pieces.

Inventory:

Hand Weapons
 a - a +1 dagger (weapon)
Missiles
 i - 22 poisoned darts (quivered)
 q - 4 throwing nets
Armour
 b - a +0 robe (worn)
 d - a +0 pair of gloves of dexterity (worn)
Wands
 s - a wand of digging (4)
 v - a wand of clouds (3)
 y - a wand of iceblast (6)
Scrolls
 f - 2 scrolls of remove curse
 g - 2 scrolls of fog {unknown}
 j - 4 scrolls of identify
 k - 2 scrolls of enchant weapon {unknown}
 m - 2 scrolls of blinking
 n - 2 scrolls of teleportation {unknown}
 o - 2 scrolls of amnesia {unknown}
 r - a scroll of enchant armour {unknown}
 u - a scroll of magic mapping {unknown}
 w - 2 scrolls of random uselessness {unknown}
Potions
 c - a potion of degeneration
 e - 2 potions of curing
 h - 2 potions of agility
 l - a potion of cancellation {unknown}
 p - a potion of might {unknown}
 t - a potion of ambrosia {unknown}
 z - a potion of lignification {unknown}


   Skills:
 + Level 3.9(1.3) Fighting
 + Level 5.0(2.3) Short Blades
 + Level 5.4(2.7) Dodging
 * Level 10.9(7.7) Stealth
 - Level 2.0(0.0) Spellcasting
 - Level 4.4(1.7) Hexes


You had 5 spell levels left.
You knew the following spells:

 Your Spells              Type           Power        Failure   Level  Hunger
a - Corona                Hex            #......      21%         1    N/A
b - Ensorcelled Hibernat  Hex/Ice        #.....       36%         2    N/A
c - Tukima's Dance        Hex            #.......     47%         3    N/A

Your spell library contained the following spells:

 Spells                   Type           Power        Failure   Level  Hunger
 Confusing Touch          Hex            #.....       21%         1    N/A
 Animate Skeleton         Necr           N/A          34%         1    N/A
 Apportation              Tloc           #.....       34%         1    N/A
 Summon Small Mammal      Summ           #...         34%         1    N/A
 Confuse                  Hex            #.......     47%         3    N/A
 Dazzling Spray           Conj/Hex       #.....       58%         3    N/A

Dungeon Overview and Level Annotations

Branches:
Dungeon (6/15)             Temple (1/1) D:6

Altars:
Ashenzari
Cheibriados
Dithmenos
Elyvilon
Fedhas
Gozag
Kikubaaqudgha
Makhleb
Nemelex Xobeh
Okawaru
Qazlal
Ru
Sif Muna
Trog
Vehumet
Wu Jian
Xom
Zin
The Shining One

Shops:
D:4 =   D:5 %

Annotations:
D:5 exclusion: 2 doors
D:6 exclusion: 2 doors


Innate Abilities, Weirdness & Mutations

You do not eat.
Your natural rate of healing is unusually fast.
You have razor-sharp teeth.
You have supernaturally acute eyesight. (SInv)
You can survive without breathing.
You are partially covered in thin metallic scales. (AC +2)
You passively map a small area around you.
You are occasionally teleported next to monsters.
Your spells are a little harder to cast, but a little more powerful.


Message History

That's the wrong kind of item! (Use * to select it.) Evoke which item? (* to show all) (? for menu, Esc to quit)
Aiming: Cloud Cone
Press: ? - help, Dir - move target cursor, f/p - manticore
Aim: a manticore You create a blast of freezing vapour!
The manticore is engulfed in freezing vapours.
The manticore closely misses you. The manticore claws you!
* * * LOW HITPOINT WARNING * * *
The manticore claws you!
* * * LOW HITPOINT WARNING * * *
You barely miss the manticore. You bite the manticore.
The manticore is lightly wounded.
The manticore is engulfed in freezing vapours.
The manticore bites you.
* * * LOW HITPOINT WARNING * * *
The manticore claws you!
* * * LOW HITPOINT WARNING * * *
The manticore claws you!
You die...

* #.########.#####..# ≈
#.########.# #..# ≈
####.#........# #... ≈
#...........#######.##
≈≈≈≈
#.###...^...+........#
≈ ≈≈≈≈
*#.###.......##########
≈ ≈≈≈≈≈ #...'...)...#
####
≈≈≈≈≈≈#####...[...#
#... *
≈≈≈≈≈≈#####@....###
#.## ,
......'..§H§....# #.#
......'§§§§.....# #.#
≈≈≈≈≈≈#§§§§.....# #.# ≈
≈≈≈≈≈≈#§§§......# #.#
≈≈≈≈≈ #.........# #.#
;≈≈≈≈ #.###.....# #.#
≈≈≈≈**#.# #...>.# #.#
≈≈≈# #.# #.##'######
#.#


You could see a manticore.

Vanquished Creatures
  An orc warrior (D:6)
  An ice beast (D:6)
  A black bear (D:6)
  2 ogres
  2 wights (D:6)
  6 crimson imps
  An orc priest (D:6)
  3 orc wizards
  An iguana (D:6)
  4 worker ants
  A hound zombie (D:6)
  2 worker ant zombies
  7 adders
  11 gnolls
  A shadow imp (D:5)
  5 oozes
  An adder zombie (D:5)
  5 worms
  3 dart slugs
  6 leopard geckos
  16 orcs
  5 giant cockroaches
  7 goblins
  9 hobgoblins
  12 jackals
  4 kobolds
  3 quokkas
  2 ball pythons
  6 bats
  10 frilled lizards
  A leopard gecko skeleton (D:6)
  A leopard gecko zombie (D:5)
  6 rats
146 creatures vanquished.

Vanquished Creatures (collateral kills)
  A wight (D:6)
1 creature vanquished.

Vanquished Creatures (others)
  2 dancing weapons (D:6)
2 creatures vanquished.

Grand Total: 149 creatures vanquished

Notes
Turn   | Place    | Note
-------+----------+-------------------------------------------
     0 | D:1      | D1HalberdGnoll the Vampire Enchanter began the quest for
                  | the Orb.
     0 | D:1      | Reached XP level 1. HP: 13/13 MP: 3/3
   180 | D:1      | Reached XP level 2. HP: 20/20 MP: 5/5
   257 | D:1      | Reached skill level 5 in Stealth
   273 | D:1      | Learned a level 2 spell: Ensorcelled Hibernation
   565 | D:1      | Reached XP level 3. HP: 25/25 MP: 6/6
   819 | D:1      | Reached skill level 1 in Fighting
  1051 | D:2      | Found a shattered altar of Ashenzari.
  1065 | D:2      | Found a stormy altar of Qazlal.
  1115 | D:2      | Found a blossoming altar of Fedhas.
  1161 | D:2      | Reached XP level 4. HP: 32/32 MP: 2/7
  1237 | D:2      | Reached skill level 6 in Stealth
  1791 | D:3      | Found a shimmering altar of Xom.
  1818 | D:3      | You fall into a shaft and drop 1 floor!
  1881 | D:4      | Reached XP level 5. HP: 38/38 MP: 0/8
  1894 | D:4      | Noticed an ogre
  1895 | D:4      | Found a glowing golden altar of the Shining One.
  1921 | D:4      | Found Kurghivoo's Jewellery Shoppe.
  2442 | D:3      | Reached skill level 7 in Stealth
  2992 | D:3      | Found an iron altar of Okawaru.
  3149 | D:3      | Reached XP level 6. HP: 44/44 MP: 4/9
  3815 | D:4      | Reached skill level 8 in Stealth
  3902 | D:4      | Found a sparkling altar of Nemelex Xobeh.
  3902 | D:4      | Found a snail-covered altar of Cheibriados.
  3902 | D:4      | Found a stormy altar of Qazlal.
  4224 | D:5      | Entered Level 5 of the Dungeon
  4253 | D:5      | Found Rucak's Food Emporium.
  4436 | D:5      | Found an ancient bone altar of Kikubaaqudgha.
  4442 | D:5      | Reached XP level 7. HP: 51/51 MP: 10/10
  4766 | D:5      | Learned a level 3 spell: Tukima's Dance
  4847 | D:5      | Reached skill level 9 in Stealth
  6021 | D:6      | Reached skill level 5 in Dodging
  6021 | D:6      | Reached skill level 10 in Stealth
  6021 | D:6      | Reached XP level 8. HP: 58/58 MP: 11/11
  6325 | D:6      | Found a staircase to the Ecumenical Temple.
  6354 | Temple   | Entered the Ecumenical Temple
  6451 | Temple   | Became a worshipper of Dithmenos the Shadowed
  6518 | D:6      | Noticed a manticore
  6595 | D:6      | Gained mutation: You are partially covered in thin metallic
                  | scales. (AC +2) [potion of mutation]
  6595 | D:6      | Gained mutation: Your spells are a little harder to cast,
                  | but a little more powerful. [potion of mutation]
  6595 | D:6      | Gained mutation: You are occasionally teleported next to
                  | monsters. [potion of mutation]
  6595 | D:6      | Gained mutation: You passively map a small area around you.
                  | [potion of mutation]
  6617 | D:6      | Reached skill level 5 in Short Blades
  6856 | D:6      | Slain by a manticore

Levels and vault maps discovered:
D:1:      matt_arrival_los_fun, layout_basic
D:2:      layout_loops_ring, lemuel_crystal_altar,
          ashenzari_conservatory_becter, grunt_qazlal_sundering
D:3:      layout_rooms, okawaru_metal_pillars_1_2, led_xom_imps
D:4:      layout_basic, nicolae_tso_carved_into_rock,
          chequers_temple_overflow_statue_of_worship, first_ration,
          serial_shops, shop
D:5:      layout_loops_ring, kiku_gazebo_pond_becter, serial_shops, shop,
          hangedman_decor_clover_reticule, chequers_serial_rivers_marsh,
          kennysheep_generic_room_6
D:6:      kennysheep_big_flooded_room, layout_basic,
          minmay_temple_entry_overgrown
Temple:   zaba_magenta_temple

Skill      XL: |  1  2  3  4  5  6  7  8 |
---------------+-------------------------+-----
Stealth        | 5 6 7 8 10 | 10.9
Fighting       | 1 2 3 |  3.9
Short Blades   | 2 3 4 5 |  5.0
Dodging        | 3 4 5 |  5.4
Spellcasting   | |  2.0
Hexes          | |  4.4

Action                   |  1- 3 |  4- 6 |  7- 9 || total
-------------------------+-------+-------+-------++-------
Melee: Dagger            |   115 |   423 |   279 ||   817
       Bite              |    10 |    51 |    34 ||    95
Throw: Dart              |       |     7 |       ||     7
 Cast: Ensorcelled Hiber |    14 |    63 |    39 ||   116
       Corona            |       |       |     8 ||     8
       Tukima's Dance    |       |       |     5 ||     5
Evoke: Wand              |       |       |     2 ||     2
  Use: Scroll            |       |     2 |     1 ||     3
       Potion            |       |     1 |     4 ||     5
 Stab: Sleeping          |    20 |    34 |    20 ||    74
       Distracted        |     2 |     1 |       ||     3
       Confused          |       |       |     2 ||     2
Armor: Robe              |    21 |    71 |    27 ||   119
Dodge: Dodged            |    57 |   294 |   161 ||   512

Table legend:
 A = Non-vault XP
 B = Vault XP
 C = Vault XP percentage of total XP
 D = Non-vault monster count
 E = Vault monster count
 F = Vault count percentage of total count
                 A         B        C        D         E       F
            +---------+---------+-------+---------+---------+-------
      Total |    1755 |     195 |  10.0 |     142 |       5 |   3.4
            +---------+---------+-------+---------+---------+-------
        D:1 |      58 |       0 |   0.0 |      25 |       0 |   0.0
        D:2 |      84 |       0 |   0.0 |      23 |       0 |   0.0
        D:3 |     160 |     194 |  54.8 |      36 |       4 |  10.0
        D:4 |     202 |       0 |   0.0 |      13 |       0 |   0.0
        D:5 |     276 |       1 |   0.4 |      19 |       1 |   5.0
        D:6 |     975 |       0 |   0.0 |      26 |       0 |   0.0
            +---------+---------+-------+---------+---------+-------
